 Dungeon Crawl Stone Soup version 0.21.1-1-g345015f (webtiles) character file.

106 kae the Insei (level 4, -1/29 HPs)
             Began as an Octopode Transmuter on May 25, 2018.
             Slain by an ooze (5 damage)
             ... on level 3 of the Dungeon.
             The game lasted 00:01:38 (2253 turns).

kae the Insei (Octopode Transmuter)                 Turns: 2253, Time: 00:01:39

Health: -1/29      AC:  1    Str:  9    XL:     4   Next: 84%
Magic:  16/17      EV: 13    Int: 15    God:
Gold:   71         SH:  0    Dex: 13    Spells: 7/8 levels left

rFire    . . .     SeeInvis .     - Unarmed
rCold    . . .     Gourm    .   (no shield)
rNeg     . . .     Faith    .   (helmet restricted)
rPois    .         Spirit   .   (no amulet)
rElec    .         Reflect  .   i - ring of magical power
rCorr    .         Harm     .   (no ring)
MR       .....                  (no ring)
Stlth    ++........             (no ring)
HPRegen  0.09/turn              (no ring)
MPRegen  0.15/turn              (no ring)
                                (no ring)
                                (no ring)

@: appendage
A: almost no armour, stealthy swim, amphibious, 8 rings, constrict 8, tentacle
spike 3, camouflage 1, gelatinous body 1
a: End Transformation


You were on level 3 of the Dungeon.
You were not hungry.
One of your tentacles had a temporary spike.
You visited 1 branch of the dungeon, and saw 3 of its levels.

You collected 71 gold pieces.

Inventory:

Missiles
 a - 69 arrows
Jewellery
 i - a ring of magical power (left tentacle)
 m - a cursed amulet of inaccuracy
Scrolls
 d - 2 scrolls of teleportation
 f - a scroll of enchant armour
 k - a scroll of amnesia
Potions
 g - a potion of curing
 l - a potion of lignification {unknown}
 o - a potion of might {unknown}
Books
 b - a book of Changes

   Spells                             Type                      Level
   a - Beastly Appendage              Transmutation                1
   b - Sticks to Snakes               Transmutation                2
   c - Spider Form                    Transmutation/Poison         3
   d - Ice Form                       Ice/Transmutation            4
   e - Blade Hands                    Transmutation                5
Comestibles
 c - 4 rations


   Skills:
 + Level 1.8 Fighting
 - Level 2.0 Dodging
 * Level 3.9 Unarmed Combat
 + Level 2.6 Spellcasting
 * Level 3.1 Transmutations


You had 7 spell levels left.
You knew the following spells:

 Your Spells              Type           Power        Failure   Level  Hunger
a - Beastly Appendage     Tmut           ##....       6%          1    #......


Dungeon Overview and Level Annotations

Branches:
Dungeon (3/15)

Altars:
Dithmenos
Nemelex Xobeh
Qazlal
Sif Muna
Xom


Innate Abilities, Weirdness & Mutations

You cannot wear most types of armour.
You are very stealthy in the water. (Stealth+)
You are amphibious.
You can wear up to eight rings at the same time.
You can use your tentacles to constrict eight enemies at once.
Your skin changes colour to match your surroundings (Stealth+).
Your rubbery body absorbs attacks. (AC +1, EV +1)
One of your tentacles bears a large vicious spike.


Message History

* * * LOW HITPOINT WARNING * * *
It was a potion of curing.
You feel better.
You constrict the hobgoblin, but do no damage.
The hobgoblin hits you. The ooze hits you.
You tentacle-slap the hobgoblin.
The hobgoblin is almost dead.
You constrict the hobgoblin, but do no damage.
The hobgoblin barely misses you. The ooze hits you.
* * * LOW HITPOINT WARNING * * *
You barely miss the hobgoblin.
The hobgoblin is almost dead.
You constrict the hobgoblin.
You kill the hobgoblin!
An orc comes into view. It is wielding a trident.
A goblin comes into view.
The ooze hits you.
* * * LOW HITPOINT WARNING * * *
The goblin shouts!
The ooze hits you.
You die...

.##.#......... ...
.....g.......... ....
.............. .....
#..##.#.#.#..##.....
...................#
#. ..........††.......
......................
#.#..##.#.#.#J.##.....
............@s........
............#.##......
.....##.##..#.# .....#
.... ...##..#.. ..)..
........##.$#.## ....
............... ...
###............
#.....#...#.# ......


You could see an ooze, a giant cockroach and a goblin.

Vanquished Creatures
  4 adders (D:2)
  An ooze (D:2)
  2 worms
  2 dart slugs
  2 leopard geckos
  6 bats
  3 giant cockroaches (D:2)
  7 goblins
  3 hobgoblins
  4 jackals
  5 kobolds
  A quokka (D:2)
  2 ball pythons
  8 frilled lizards
  4 rats
54 creatures vanquished.

Notes
Turn   | Place    | Note
-------+----------+-------------------------------------------
     0 | D:1      | kae the Octopode Transmuter began the quest for the Orb.
     0 | D:1      | Reached XP level 1. HP: 13/13 MP: 3/3
   132 | D:1      | Reached XP level 2. HP: 12/18 MP: 3/5
   998 | D:1      | Reached XP level 3. HP: 23/23 MP: 6/6
  1424 | D:2      | Reached XP level 4. HP: 7/28 MP: 7/7
  1804 | D:2      | Found a deep blue altar of Sif Muna.
  1808 | D:2      | Found a shimmering altar of Xom.
  1808 | D:2      | Found a shadowy altar of Dithmenos.
  1811 | D:2      | Found a sparkling altar of Nemelex Xobeh.
  1813 | D:2      | Found a stormy altar of Qazlal.
  2253 | D:3      | Slain by an ooze

Skill      XL: |  1  2  3  4 |
---------------+-------------+-----
Transmutations | 3 |  3.1
Fighting       | |  1.8
Dodging        | |  2.0
Unarmed Combat | |  3.9
Spellcasting   | |  2.6

Action                   |  1- 3 |  4- 6 || total
-------------------------+-------+-------++-------
Melee: Unarmed           |    70 |    50 ||   120
       Constrict         |    25 |    13 ||    38
       Kick              |     5 |     5 ||    10
       Punch             |     4 |     3 ||     7
       Tentacles         |    14 |     6 ||    20
 Cast: Beastly Appendage |     8 |     4 ||    12
  Use: Scroll            |       |     7 ||     7
       Potion            |       |     1 ||     1
 Stab: Sleeping          |     6 |     4 ||    10
  Eat: Chunk             |     1 |     3 ||     4
Armor: Skin              |     9 |     2 ||    11
Dodge: Dodged            |    44 |    39 ||    83
